 Dungeon Sprint DCSS version 0.27-a0-1006-g1fd4cec11e (webtiles) character file.

Game seed: 3746574873207425573

2886 mhtbhm the Scorcher (level 9, -19/40 (45) HPs)
             Began as a Deep Elf Fire Elementalist on Apr 18, 2021.
             Was a High Priest of Vehumet.
             Killed from afar by a deep elf zephyrmancer (20 damage)
             ... with a bolt of lightning
             ... in the Dungeon (Sprint V: "Ziggurat Sprint").
             The game lasted 00:03:19 (880 turns).

mhtbhm the Scorcher (Deep Elf Fire Elementalist)     Turns: 880, Time: 00:03:20

HP:   -19/40 (45)   AC:  5    Str:  5    XL:     9   Next: 48%
MP:   22/27         EV: 16    Int: 36    God:    Vehumet [*****.]
Gold: 0             SH:  0    Dex: 15    Spells: 17/33 levels left

rFire    + . .     SeeInvis .   C - +8 lance "Wyrmbane" {slay drac, rPois rF+ rC+ AC+3}
rCold    + . .     Faith    .   (no shield)
rNeg     . . .     Spirit   .   a - +0 robe
rPois    +         Reflect  .   (no helmet)
rElec    .         Harm     .   (no cloak)
rCorr    .         Rampage  .   (no gloves)
Will     .....     NoTele   +   (no boots)
Stlth    ++++......             r - amulet of magic regeneration
HPRegen  0.13/turn              u - +6 ring of intelligence
MPRegen  0.45/turn              v - +6 ring of intelligence

@: heavily drained
A: no striking features
a: Renounce Religion


You were in the Dungeon.
You worshipped Vehumet.
Vehumet was extremely pleased with you.
You visited 1 branch

Inventory:

Hand Weapons
 C - the +8 lance "Wyrmbane" (weapon) {slay drac, rPois rF+ rC+ AC+3}
   (You found it in the Dungeon)

   It affects your AC (+3).
   It protects you from fire.
   It protects you from cold.
   It protects you from poison.
Armour
 a - a +0 robe (worn)
Jewellery
 r - an amulet of magic regeneration (around neck)
 u - a +6 ring of intelligence (left hand)
 v - a +6 ring of intelligence (right hand)
 w - a ring of fire
 x - a ring of protection from fire
Wands
 y - a wand of mindburst (7)
 z - a wand of iceblast (2)
 A - a wand of acid (1)
Scrolls
 h - 3 scrolls of blinking
 m - 4 scrolls of amnesia
 n - 7 scrolls of fog
 o - a scroll of holy word
 p - 5 scrolls of identify
 q - 2 scrolls of fear
 s - a scroll of brand weapon
Potions
 b - 2 potions of brilliance
 c - 10 potions of curing
 d - 8 potions of heal wounds
 e - 6 potions of haste
 f - 7 potions of magic
 g - 3 potions of berserk rage
 i - 2 potions of invisibility
 j - 4 potions of resistance
 k - a potion of experience
 l - 5 potions of might
Miscellaneous
 t - a phantom mirror
 B - a lightning rod (4/4)
 D - a condenser vane


   Skills:
 + Level 2.4 Polearms
 + Level 9.1 Dodging
 + Level 9.1 Stealth
 + Level 12.8 Spellcasting
 + Level 5.4 Conjurations
 + Level 15.8 Fire Magic
 + Level 6.2 Evocations


You had 17 spell levels left.
You knew the following spells:

 Your Spells              Type           Power      Damage    Failure   Level
a - Foxfire               Conj/Fire      100%       2x1d9     0%          1
b - Conjure Flame         Conj/Fire      79%        6-21      1%          3
c - Inner Flame           Hex/Fire       68%        N/A       1%          3
d - Sticky Flame          Conj/Fire      79%        2d9       1%          4
e - Fireball              Conj/Fire      39%        3d16      1%          5

Your spell library contained the following spells:

 Spells                   Type           Power      Damage    Failure   Level
 Iskenderun's Mystic Bla  Conj/Tloc      42%        2d10      1%          4
 Corona                   Hex            25%        N/A       1%          1
 Sting                    Tmut/Pois      92%        1d7       1%          1
 Dazzling Flash           Conj/Hex       84%        N/A       1%          3
 Ignite Poison            Fire/Tmut/Pois 57%        N/A       1%          3
 Mephitic Cloud           Conj/Pois/Air  36%        N/A       1%          3
 Starburst                Conj/Fire      39%        8x6d11    1%          6
 Ensorcelled Hibernation  Hex/Ice        46%        N/A       2%          2
 Poisonous Vapours        Pois/Air       46%        N/A       2%          2
 Olgreb's Toxic Radiance  Pois           23%        N/A       4%          4
 Confusing Touch          Hex            23%        N/A       5%          3
 Tukima's Dance           Hex            23%        N/A       5%          3


Dungeon Overview and Level Annotations

Branches:
Dungeon (1/1)

Altars:
Ashenzari
Cheibriados
Dithmenos
Elyvilon
Fedhas
Gozag
Hepliaklqana
Kikubaaqudgha
Makhleb
Nemelex Xobeh
Okawaru
Qazlal
Ru
Sif Muna
Trog
Uskayaw
Vehumet
Wu Jian
Xom
Yredelemnul
Zin
The Shining One
Beogh
Jiyva
Lugonu


Message History

The fireball explodes!
The fireball engulfs the air elemental!!
You destroy the air elemental!
Vehumet accepts your kill.
Vehumet offers you knowledge of Iskenderun's Mystic Blast.
You feel your power returning.
The fireball engulfs the +7 short sword of draining.
The +7 short sword of draining resists.
The +7 short sword of draining is moderately damaged.
The +7 short sword of draining hits you!
You feel drained.
Your life force feels restored.
Unknown command.
Unknown command.
You feel much better.
The +7 short sword of draining hits you!
You feel drained.
The deep elf zephyrmancer casts a spell.
The deep elf zephyrmancer blinks!
The deep elf zephyrmancer casts a spell at you.
The bolt of lightning hits the +7 short sword of draining.
The +7 short sword of draining completely resists.
The bolt of lightning misses you.
The +7 short sword of draining hits you!
You feel drained.
* * * LOW HITPOINT WARNING * * *
Unknown command.
You feel much better.
The +7 short sword of draining hits you!
You feel drained.
The deep elf zephyrmancer gestures at you while chanting.
The bolt of lightning misses you. The bolt of lightning hits you!
* * * LOW HITPOINT WARNING * * *
The deep elf zephyrmancer casts a spell at you.
The bolt of lightning hits the +2 war axe of draining.
The +2 war axe of draining completely resists.
The bolt of lightning misses the +7 short sword of draining.
The bolt of lightning hits you!!
Ouch! That really hurt!
You die...

▓..})|..▓
▓..)[[..▓
▓.§e....▓
▓......e▓
▓....e..▓
...(...
▓.▓.(.▓.▓
▓...@...▓
▓▓▓▓▓▓▓▓▓


You could see a deep elf knight, 2 deep elf zephyrmancers and 2 dancing weapons.

Vanquished Creatures
  A soul eater (D)
  3 draconians (D)
  2 jumping spiders (D)
  An air elemental (D)
  2 tarantellas (D)
  A floating eye (D)
  A scorpion (D)
  An orc priest (D)
  2 iron imps (D)
  3 orc wizards (D)
  A white imp (D)
  An endoplasm (D)
19 creatures vanquished.

Vanquished Creatures (others)
  9 foxfires (D)
9 creatures vanquished.

Grand Total: 28 creatures vanquished

Notes
Turn   | Place    | Note
-------+----------+-------------------------------------------
     0 | D        | mhtbhm the Deep Elf Fire Elementalist began the quest for
                  | the Orb.
     0 | D        | Reached XP level 1. HP: 10/10 MP: 6/6
     0 | D        | Found a shimmering blue altar of Sif Muna.
     0 | D        | Found a bloodstained altar of Trog.
     0 | D        | Found a sacrificial altar of Ru.
     0 | D        | Found a stormy altar of Qazlal.
     0 | D        | Found an iron altar of Okawaru.
     1 | D        | Found a sparkling altar of Nemelex Xobeh.
     1 | D        | Found a blossoming altar of Fedhas.
     2 | D        | Found the +6 Majin-Bo {vamp, MP+6 Int+6}
     2 | D        | Found the +9 heavy crossbow "Sniper" {vorpal, Acc+∞ SInv}
     2 | D        | Found the +10 dark maul {vorpal}
     2 | D        | Found the +15 Maxwell's patent armour {-Cast -Tele rElec
                  | Will+ rCorr}
     2 | D        | Found the +18 shield of the Gong {rElec rN+ Will+ EV-5}
     2 | D        | Found the +14 obsidian axe {vorpal, Drain Fly SInv}
     2 | D        | Found the +7 great mace "Firestarter" {inner flame, rF++}
     2 | D        | Found the +6 shillelagh "Devastator" {shatter}
     2 | D        | Found the +11 plutonium sword {Contam Stlth-}
     2 | D        | Found the +8 lance "Wyrmbane" {slay drac, rPois rF+ rC+
                  | AC+3}
     2 | D        | Found the +9 sword of Zonguldrok {reap}
     2 | D        | Found the +13 scythe of Curses {drain, Drain}
     2 | D        | Found the +5 sword of Power {vorpal}
     2 | D        | Found the +7 mace of Variability {chain chaos}
     2 | D        | Found the +7 Singing Sword {vorpal, sonic wave}
     2 | D        | Found the +8 storm bow {elec, penet}
     3 | D        | Found a transporter.
     3 | D        | Found an ancient bone altar of Kikubaaqudgha.
     3 | D        | Found a viscous altar of Jiyva.
     3 | D        | Found a corrupted altar of Lugonu.
     3 | D        | Found a hazy altar of Hepliaklqana.
     3 | D        | Found a burning altar of Makhleb.
     3 | D        | Found an opulent altar of Gozag.
    18 | D        | Became a worshipper of Vehumet
    49 | D        | Entered arena 2.
    49 | D        | Noticed a floating eye
    49 | D        | Found a transporter.
    54 | D        | Killed a floating eye
    55 | D        | Reached skill level 7 in Fire Magic
    55 | D        | Reached XP level 2. HP: 14/15 MP: 2/11
    55 | D        | Reached XP level 3. HP: 18/19 MP: 2/12
    55 | D        | Reached XP level 4. HP: 23/24 MP: 2/14
    59 | D        | Learned a level 3 spell: Conjure Flame
    63 | D        | Learned a level 3 spell: Inner Flame
    68 | D        | Learned a level 4 spell: Sticky Flame
   248 | D        | Entered arena 3.
   248 | D        | Noticed a draconian
   248 | D        | Noticed a draconian
   248 | D        | Noticed a draconian
   248 | D        | Found a transporter.
   249 | D        | Found the +6 lightning scales {swift rElec}
   255 | D        | Killed a draconian
   255 | D        | Reached * piety under Vehumet
   255 | D        | Offered knowledge of Magic Dart by Vehumet.
   256 | D        | Reached skill level 11 in Fire Magic
   256 | D        | Reached XP level 5. HP: 28/28 MP: 14/18
   256 | D        | Reached XP level 6. HP: 32/32 MP: 15/20
   257 | D        | Killed a draconian
   258 | D        | Reached skill level 10 in Spellcasting
   258 | D        | Reached skill level 13 in Fire Magic
   258 | D        | Reached XP level 7. HP: 13/36 MP: 15/22
   259 | D        | Killed a draconian
   260 | D        | Reached skill level 1 in Polearms
   260 | D        | Reached XP level 8. HP: 16/41 MP: 17/24
   453 | D        | Entered arena 4.
   453 | D        | Noticed a soul eater
   453 | D        | Found a transporter.
   455 | D        | Reached ** piety under Vehumet
   455 | D        | Offered knowledge of Shock by Vehumet.
   457 | D        | Killed a soul eater
   457 | D        | Reached *** piety under Vehumet
   458 | D        | Reached skill level 14 in Fire Magic
   458 | D        | Reached skill level 5 in Evocations
   720 | D        | Learned a level 5 spell: Fireball
   723 | D        | Entered arena 5.
   723 | D        | Found a transporter.
   724 | D        | Offered knowledge of Searing Ray by Vehumet.
   749 | D        | Entered arena 6.
   749 | D        | Noticed a jumping spider
   749 | D        | Noticed a jumping spider
   749 | D        | Found a transporter.
   750 | D        | Reached **** piety under Vehumet
   751 | D        | Reached skill level 15 in Fire Magic
   751 | D        | Reached XP level 9. HP: 45/45 MP: 25/27
   751 | D        | Killed a jumping spider
   752 | D        | Reached skill level 5 in Conjurations
   752 | D        | Killed a jumping spider
   752 | D        | Reached ***** piety under Vehumet
   765 | D        | Got the Grimoire of the Blaze and Intoxication
   876 | D        | Entered arena 7.
   876 | D        | Noticed a deep elf zephyrmancer
   876 | D        | Noticed a deep elf zephyrmancer
   876 | D        | Noticed a +2 war axe of draining
   876 | D        | Noticed a +7 short sword of draining
   876 | D        | Noticed a deep elf knight
   878 | D        | Offered knowledge of Iskenderun's Mystic Blast by Vehumet.
   880 | D        | HP: 1/40 [deep elf zephyrmancer/bolt of lightning (17)]
   880 | D        | Killed from afar by a deep elf zephyrmancer

Illustrated notes

Levels and vault maps discovered:
D:        sprint_v [room_start, room_1, room_2, room_3, room_4, room_5, room_6,
          room_7, room_8, room_9, room_10, room_11, room_12, room_13, room_14,
          room_15, room_16, room_17, room_18, room_19, room_20, room_21,
          room_22, room_23, room_24, room_25, room_26, room_27]

Skill      XL: |  1  2  3  4  5  6  7  8  9 |
---------------+----------------------------+-----
Dodging        | 4 6 7 8 9 |  9.1
Stealth        | 4 6 7 8 9 |  9.1
Spellcasting   | 6 9 10 12 | 12.8
Fire Magic     | 7 11 13 15 | 15.8
Conjurations   | 3 4 5 |  5.4
Evocations     | 2 3 4 5 6 |  6.2
Polearms       | 1 2 |  2.4

Action                   |  1- 3 |  4- 6 |  7- 9 || total
-------------------------+-------+-------+-------++-------
Melee: Lance             |       |     1 |     2 ||     3
 Cast: Foxfire           |     4 |     1 |       ||     5
       Fireball          |       |       |     7 ||     7
Evoke: Wand              |       |     7 |     4 ||    11
  Use: Scroll            |       |     1 |       ||     1
       Potion            |       |       |     2 ||     2
Dodge: Dodged            |       |     1 |     3 ||     4

Table legend: (Time is in decaauts)
 A = Elapsed time spent in this place.
 B = Non-inter-level travel time spent in this place.
 C = Inter-level travel time spent in this place.
 D = Time resting spent in this place.
 E = Time spent auto-exploring this place.
 F = Levels seen in this place.
 G = Mean time per level.
                   A        B        C        D        E       F      G
               +--------+--------+--------+--------+--------+-----+--------+
         Total |    878 |    878 |      0 |    697 |      0 |   1 |  878.0 |
       Dungeon |    878 |    878 |      0 |    697 |      0 |   1 |  878.0 |
               +--------+--------+--------+--------+--------+-----+--------+

Top non-repeatable levels by time:
       D: 878 daAuts
